 Dungeon Crawl Stone Soup version 0.19.5 (webtiles) character file.

160 spiff the Slasher (level 5, 0/33 HPs)
             Began as a High Elf Fighter on Apr 7, 2017.
             Succumbed to a worker ant's poison
             ... on level 3 of the Dungeon.
             The game lasted 00:05:55 (2431 turns).

spiff the Slasher (High Elf Fighter)                Turns: 2431, Time: 00:05:56

Health: 0/33       AC:  6    Str: 16    XL:     5   Next: 17%
Magic:  6/6        EV: 16    Int: 12    God:
Gold:   131        SH:  0    Dex: 19    Spells: 0 memorised, 4 levels left

rFire  + . .     SeeInvis .     n - +1 long sword (holy)
rCold  . . .     Gourm    .     b - +0 scale mail
rNeg   . . .     Faith    .     (no shield)
rPois  .         Spirit   .     (no helmet)
rElec  .         Reflect  .     (no cloak)
rCorr  +         Harm     .     (no gloves)
MR     +....                    (no boots)
Stlth  +.........               (no amulet)
                                m - ring of resist corrosion
                                g - ring of protection from fire

@: agile, lethally poisoned (0 -> -1), very slightly contaminated
A: blurry vision 1, frail 1, magic resistance 1
a: no special abilities


You were on level 3 of the Dungeon.
You were not hungry.

You visited 1 branch of the dungeon, and saw 4 of its levels.

You collected 131 gold pieces.

Inventory:

Hand Weapons
 n - a +1 long sword of holy wrath (weapon)
Missiles
 a - 17 poisoned needles
 p - 95 arrows
 u - 4 tomahawks (quivered)
Armour
 b - a +0 scale mail (worn)
 c - a +0 shield
Jewellery
 g - a ring of protection from fire (left hand)
 m - a ring of resist corrosion (right hand)
Scrolls
 e - 2 scrolls of enchant weapon
 j - a scroll of blinking
 l - a scroll of remove curse {unknown}
 o - a scroll of recharging {unknown}
Potions
 d - 2 potions of might
 q - a potion of degeneration
 v - a potion of haste {unknown}
Comestibles
 f - 3 bread rations
 t - a beef jerky


   Skills:
 + Level 4.0 Fighting
 + Level 4.5 Long Blades
 - Level 2.6 Armour
 + Level 2.9 Dodging
 - Level 2.6 Shields


You had 4 spell levels left.
You didn't know any spells.

Dungeon Overview and Level Annotations

Branches:
Dungeon (4/15)
 Temple: D:4-7

Altars:
Hepliaklqana
Makhleb


Innate Abilities, Weirdness & Mutations

Scrolls take you a little longer to read.
You are frail. (-10% HP)
You are resistant to hostile enchantments. (MR+)


Message History

* * * LOW HITPOINT WARNING * * *
You feel sick.
You start resting.
* * * LOW HITPOINT WARNING * * *
You feel sick.
You start resting.
Your transformation is almost over.
You start resting.
* * * LOW HITPOINT WARNING * * *
You feel sick.
Unknown command.
You start resting.
* * * LOW HITPOINT WARNING * * *
You feel sick.
You start resting.
You feel less woody.
Your +0 scale mail unmelds from your body.
It was a potion of agility.
You feel agile all of a sudden.
You die...

##############
....)........###################
###########.............#......#
#### #.............#...)..# ...#
#.............#......# ##.#
##.#'##########......# ##.#
#.#........# #......#
##.#########.#.######.###......#
................@†.....>'......#
.....##.####.#.######.###......#
.....##.# #.#.# #.# #......#
.....##.# #.#.# #.# #......#
.....##.# #.#.# #.# #......#
.....##.####.#.######.# ####'###
....÷'................### #.#
.....##.####.....####...# #.#
.....##.# #.....# #...# #.#


There were no monsters in sight!

Vanquished Creatures
  Terence (D:3)
  A worker ant (D:3)
  3 adders
  2 worms (D:2)
  A dart slug (D:1)
  2 orcs (D:3)
  2 ball pythons (D:3)
  4 bats
  2 giant cockroaches
  12 hobgoblins
  7 jackals
  2 quokkas
  4 frilled lizards
  9 goblins
  7 kobolds
  11 rats
70 creatures vanquished.

Notes
Turn   | Place    | Note
-------+----------+-------------------------------------------
     0 | D:1      | spiff the High Elf Fighter began the quest for the Orb.
     0 | D:1      | Reached XP level 1. HP: 16/16 MP: 2/2
   148 | D:1      | Reached XP level 2. HP: 19/21 MP: 3/3
   149 | D:1      | Reached skill level 1 in Dodging
   736 | D:2      | Reached XP level 3. HP: 26/26 MP: 4/4
  1218 | D:2      | Reached XP level 4. HP: 26/32 MP: 5/5
  1256 | D:2      | Found a hazy altar of Hepliaklqana.
  1548 | D:3      | Noticed Terence
  1564 | D:3      | Killed Terence
  1593 | D:3      | Found a burning altar of Makhleb.
  1593 | D:3      | Noticed a green death
  2409 | D:3      | Gained mutation: You are frail. (-10% HP) [potion of mutation]
  2409 | D:3      | Gained mutation: Scrolls take you a little longer to read. [potion of mutation]
  2409 | D:3      | Gained mutation: You are resistant to hostile enchantments. (MR+) [potion of mutation]
  2416 | D:3      | Reached XP level 5. HP: 5/33 MP: 6/6
  2423 | D:3      | HP: 2/49 [poisoned by a worker ant]
  2431 | D:3      | Succumbed to a worker ant's poison

Skill      XL: |  1  2  3  4 |
---------------+-------------+-----
Dodging        | 1 2 |  2.9
Long Blades    | 3 4 |  4.5
Fighting       | 4 |  4.0
Armour         | |  2.6
Shields        | |  2.6

Action                   |  1- 3 |  4- 6 || total
-------------------------+-------+-------++-------
Melee: Long sword        |   103 |   106 ||   209
  Use: Scroll            |     4 |     5 ||     9
       Potion            |       |     3 ||     3
  Eat: Chunk             |     1 |     4 ||     5
Armor: Scale mail        |    40 |    38 ||    78
       Skin              |       |     7 ||     7
Dodge: Dodged            |    67 |    56 ||   123
       Rpst.: Long sword |    19 |    15 ||    34
